Cogmind - Beta 13 X1 @@@ ROGUE MODE // 2023.12.10 @ 12:47:40 Player: VR-DUX Result: Destroyed by L-41 Fighter with Axe Performance ------------- Evolutions (3) 1500 Regions Visited (12) 2400 Robots Destroyed (171) 855 Value Destroyed (4653) 4653 Prototype IDs (7) 140 Alien Tech Used (0) 0 Bonus (639) 639 TOTAL SCORE: 10187 Bonus ------- High Alert Combat Kills 144 Follower Combat Kills 288 Met Imprinter 300 Friendly Fire -93 Cogmind --------- Core Integrity 0/700 Matter 266/300 Energy 160/160 System Corruption 0% Temperature Cool (44) Movement Treading (232) Ox1 Location -6/Proximity Caves Parts ------- > --- POWER (1) -------- Light Nuclear Core > --- PROPULSION (4) --- Advanced Treads Medium Treads Makeshift Leg Wheel > --- UTILITY (6) ------ High-capacity Storage Unit Core Analyzer Armor Integrity Analyzer Hardened Medium Armor Plating Hardened Medium Armor Plating > --- WEAPON (2) ------- Heavy Machine Gun Heavy Machine Gun > --- INVENTORY (20) --- Improved Deuterium Engine Improved Heat Sink Improved Heat Sink Medium Matter Pod (100) Trap Scanner Improved Sensor Array Transmission Jammer Long-range Tractor Beam Mobile Refinery Mk. CCLXVII Improved Field Recycling Unit (0) Hacking Drone Bay (1/1) Improved EM Pulse Cannon Improved EM Pulse Cannon Enhanced Autogun Rocket Launcher Heavy Missile Launcher Precision Grenade Launcher Power Maul Self-destruct Interrupter (48) Peak State ------------ > --- POWER ------------ Light Nuclear Core > --- PROPULSION ------- Advanced Treads Medium Treads Makeshift Leg Wheel > --- UTILITY ---------- High-capacity Storage Unit Core Analyzer Armor Integrity Analyzer Heavy Armor Plating Mobile Refinery Mk. CCLXVII > --- WEAPON ----------- Heavy Machine Gun Heavy Machine Gun > --- INVENTORY -------- Improved Deuterium Engine Improved Heat Sink Improved Heat Sink Improved Heat Sink Medium Matter Pod Improved Sensor Array Transmission Jammer Hardened Medium Armor Plating Long-range Tractor Beam Improved Field Recycling Unit Hacking Drone Bay Improved EM Pulse Cannon Improved EM Pulse Cannon Enhanced Autogun Heavy Missile Launcher Precision Grenade Launcher Power Maul Self-destruct Interrupter Self-destruct Interrupter Self-destruct Interrupter [Rating: 54] Favorites ----------- Power Light Ion Engine Engine Light Ion Engine Power Core Light Nuclear Core Propulsion Light Treads Treads Light Treads Leg Makeshift Leg Wheel Wheel Flight Unit Cesium-ion Thruster Utility High-capacity Storage Unit Device Improved Heat Sink Storage High-capacity Storage Unit Processor Core Analyzer Hackware Hacking Suite Protection Medium Armor Plating Weapon Heavy Assault Rifle Energy Gun Medium Laser Ballistic Gun Heavy Assault Rifle Ballistic Cannon Assault Cannon Launcher Rocket Launcher Impact Weapon Power Maul Special Melee Weapon Datajack Build | -11 -10 -10 -9 -9 -9 -8 -8 -7 -7 -7 -7 -6 ------- Run | Jun Mat Min Mat Min Exi Min Mat Fac Low Low Zio Pro Slots Evolved 6 | . . . 2 . . . 2 2 . . . . Power . | . . . . . . . . . . . . . Propulsion 2 | . . . 1 . . . 1 . . . . . Utility 4 | . . . 1 . . . 1 2 . . . . Weapon . | . . . . . . . . . . . . . Parts Attached 183 | . 17 1 41 3 . . 29 71 9 . 11 1 Power 14 | . 3 . 2 1 . . 3 4 1 . . . Engine 12 | . 3 . 2 1 . . 3 3 . . . . Core 2 | . . . . . . . . 1 1 . . . Reactor . | . . . . . . . . . . . . . Propulsion 56 | . 4 . 16 . . . 13 17 5 . 1 . Treads 50 | . 3 . 15 . . . 13 17 1 . 1 . Leg 2 | . . . . . . . . . 2 . . . Wheel 2 | . . . 1 . . . . . 1 . . . Hover . | . . . . . . . . . . . . . Flight 2 | . 1 . . . . . . . 1 . . . Utility 54 | . 5 1 8 2 . . 7 23 2 . 5 1 Device 17 | . 1 . 2 . . . 2 9 . . 3 . Storage 3 | . 1 . . . . . 1 1 . . . . Processor 7 | . 1 . . 1 . . 1 2 1 . 1 . Hackware 2 | . . . . . . . . 2 . . . . Protection 25 | . 2 1 6 1 . . 3 9 1 . 1 1 Artifact . | . . . . . . . . . . . . . Weapon 59 | . 5 . 15 . . . 6 27 1 . 5 . Energy Gun 5 | . 2 . 1 . . . . 2 . . . . Energy Cannon . | . . . . . . . . . . . . . Ballistic Gun 32 | . 2 . 11 . . . 4 11 1 . 3 . Ballistic Cannon 6 | . . . . . . . . 5 . . 1 . Launcher 11 | . . . 3 . . . 2 6 . . . . Special Weapon . | . . . . . . . . . . . . . Impact Weapon 4 | . . . . . . . . 3 . . 1 . Slashing Weapon . | . . . . . . . . . . . . . Piercing Weapon . | . . . . . . . . . . . . . Special Melee Weapon 1 | . 1 . . . . . . . . . . . Unidentified Prototypes 7 | . 1 . . . . . 1 3 . . 2 . Parts Lost 39 | . 1 . 7 . . . 1 23 6 . . 1 Power 3 | . . . . . . . 1 1 1 . . . Propulsion 19 | . . . 5 . . . . 11 3 . . . Utility 10 | . . . 1 . . . . 7 1 . . 1 Weapon 7 | . 1 . 1 . . . . 4 1 . . . Highest Loss Streak 14 | . 1 . 2 . . . 1 14 6 . . 1 To Critical Strikes . | . . . . . . . . . . . . . Average Slot Usage (%) 96 | . 96 100 99 100 100 100 99 96 94 92 90 91 Engine 7 | . 12 14 11 11 11 11 8 6 3 . . . Core 1 | . . . . . . . . . 3 7 7 7 Treads 26 | . 25 28 32 33 33 33 35 29 18 7 10 15 Leg 2 | . 2 . . . . . . . 5 15 11 7 Wheel 1 | . . . . . . . . . 3 7 7 7 Device 6 | . 2 . 10 . . . 8 9 7 7 6 . Storage 9 | . 14 14 11 11 11 11 9 9 7 7 7 7 Processor 8 | . 2 . . 10 11 11 8 6 14 15 15 15 Hackware 1 | . . . . . . . . 7 3 . . . Protection 9 | . 7 14 10 11 11 11 8 8 6 7 7 14 Energy Gun 1 | . 11 14 . . . . . . . . . . Ballistic Gun 14 | . 13 14 21 22 22 22 17 9 3 7 12 15 Ballistic Cannon 1 | . . . . . . . . 4 11 7 . . Naked Turns . | . . . . . . . . . . . . . Heaviest Build 78 | 14 31 31 41 36 36 36 60 70 71 71 78 78 Greatest Support 85 | 20 40 40 63 63 63 63 83 85 82 10 10 10 Greatest Overweight (x) 7 | . 1 . 2 . . . 1 1 7 7 7 7 Average Overweight (x) 1 | . . . . . . . . . 3 7 6 6 Largest Inventory Capacity 20 | 8 15 15 15 15 15 15 20 20 20 20 20 20 Average Capacity 17 | 8 11 15 15 15 15 15 18 20 20 20 20 20 Most Carried 20 | 6 15 15 15 15 15 15 20 20 20 15 20 20 Average Carried 16 | 6 10 14 14 14 15 14 17 18 16 15 18 19 Final Capacity 20 | 8 15 15 15 15 15 15 20 20 20 20 20 20 Final Carried 20 | 6 15 15 15 15 15 14 20 18 15 15 19 19 Class Distribution -------------------- 55% | Scavenger-Mutant 41% | Mutant Dominant Class ---------------- Mutant | -10/Materials Mutant | -10/Mines Scavenger-Mutant | -9/Materials Scavenger-Mutant | -9/Mines Scavenger-Mutant | -9/Exiles Scavenger-Mutant | -8/Mines Scavenger-Mutant | -8/Materials Scavenger-Mutant | -7/Factory Scavenger-Mutant | -7/Lower Caves Mutant | -7/Lower Caves Mutant | -7/Zion Derelict-Mutant | -6/Proximity Caves Resources | -11 -10 -10 -9 -9 -9 -8 -8 -7 -7 -7 -7 -6 ----------- Run | Jun Mat Min Mat Min Exi Min Mat Fac Low Low Zio Pro Matter Collected 5343 | 200 225 59 1311 99 . 66 667 2128 338 110 114 26 Remotely 606 | . . . . . . . . 606 . . . . Salvage Created 6696 | 58 795 63 1877 173 . 176 845 2199 510 . . . Parts 384 | . 51 6 116 10 . 19 67 106 9 . . . Haulers Intercepted 14 | . 2 . 4 . . . 6 2 . . . . Recyclers Shooed 5 | . 1 . 1 . . . . 3 . . . . Parts Field Recycled . | . . . . . . . . . . . . . Retrieved Matter . | . . . . . . . . . . . . . Parts Self-Destructed 26 | . . . . . . . . . 12 . 3 11 Prevented . | . . . . . . . . . . . . . Kills | -11 -10 -10 -9 -9 -9 -8 -8 -7 -7 -7 -7 -6 ------- Run | Jun Mat Min Mat Min Exi Min Mat Fac Low Low Zio Pro Combat Hostiles Destroyed 118 | . 15 1 35 4 . 6 14 31 12 . . . Guns 88 | . 15 1 29 4 . 6 11 20 2 . . . Cannons 16 | . . . . . . . . 6 10 . . . AOE 14 | . . . 6 . . . 3 5 . . . . Classes Destroyed 14 | 1 6 . 1 . . 1 3 2 . . . . Worker 6 | . 1 . 1 . . . 1 3 . . . . Builder 8 | . 1 1 2 . . 1 . 3 . . . . Tunneler 1 | . . . . . . . 1 . . . . . Hauler 14 | . 2 . 4 . . . 6 2 . . . . Recycler 16 | 1 1 . 2 1 . . 1 10 . . . . Operator 1 | . . . . . . . 1 . . . . . Watcher 7 | . 3 . 4 . . . . . . . . . Swarmer 32 | . 6 . 4 4 . 4 7 3 4 . . . Grunt 53 | . 9 1 22 . . 1 2 15 3 . . . Brawler 3 | . . . . . . . 1 . 2 . . . Duelist 4 | . . . . . . 1 . 1 2 . . . Sentry 19 | . . . 9 . . . 4 5 1 . . . Hunter 1 | . . . . . . . . 1 . . . . Programmer 6 | . . . . . . . . 6 . . . . Decomposer 1 | . . . . . . . . . . 1 . . Packrat 1 | . . . . . . . . . 1 . . . Best Kill Streak 6 | 1 5 1 5 4 . 4 4 6 4 . . . Combat Bots Only 5 | . 5 1 5 4 . 4 4 4 4 . . . Max Kills in Single Turn 2 | 1 1 1 1 2 . 2 1 2 1 1 . . Gunslinging 1 | . . . . 1 . 1 . . . . . . Exploded 1 | . . . 1 . . . 1 1 . . . . Melee . | . . . . . . . . . . . . . Uniques/NPCs Destroyed . | . . . . . . . . . . . . . Combat | -11 -10 -10 -9 -9 -9 -8 -8 -7 -7 -7 -7 -6 -------- Run | Jun Mat Min Mat Min Exi Min Mat Fac Low Low Zio Pro Damage Taken 9440 | . 580 53 1608 25 . 123 413 5097 1088 . . 453 Core 1146 | . 150 30 226 . . 6 28 563 71 . . 72 Absorbed by Shields . | . . . . . . . . . . . . . Redirected to Shielding 235 | . . . . . . . . 235 . . . . Core Remaining (%) 66 | 100 . 28 . . . 42 94 . . . . . Volleys Fired 508 | 4 60 7 132 9 . 11 60 190 25 5 . 5 Largest 2 | 2 2 2 2 2 . 2 2 2 2 2 . 2 Hottest 90 | 90 90 70 70 46 . 46 50 88 88 74 . 60 Shots Fired 944 | 8 119 15 253 18 . 22 115 323 51 10 . 10 Gun 812 | 8 119 15 244 18 . 22 110 247 14 5 . 10 Cannon 93 | . . . . . . . . 51 37 5 . . Launcher 39 | . . . 9 . . . 5 25 . . . . Special . | . . . . . . . . . . . . . Kinetic 777 | . 56 8 236 18 . 22 110 256 51 10 . 10 Thermal 43 | 4 24 7 8 . . . . . . . . . Explosive 39 | . . . 9 . . . 5 25 . . . . Electromagnetic 85 | 4 39 . . . . . . 42 . . . . Robot Hit Streak 21 | 7 15 6 16 12 . 3 8 21 20 3 . 4 Robot Miss Streak 5 | 1 4 1 5 2 . 5 4 4 1 2 . 3 Penetration Max . | . . . . . . . . . . . . . Secondary Targets 16 | . 4 . 7 2 . 1 . 2 . . . . Max Gunslinging Chain 1 | . 1 . 1 1 . 1 . 1 . . . . Shots Hit Robots 621 | 7 73 10 173 11 . 11 57 229 39 6 . 5 Core Hits 289 | 2 38 4 77 6 . 9 34 100 16 2 . 1 Critical Kills 4 | . . . 1 . . . 1 2 . . . . Critical Parts Destroyed 4 | . 1 . 1 . . . . 2 . . . . Critical Strikes 19 | 2 5 . 4 . . . 1 4 2 1 . . Burn 6 | 2 3 . 1 . . . . . . . . . Destroy 9 | . 1 . 3 . . . 1 4 . . . . Blast 3 | . . . . . . . . . 2 1 . . Corrupt 1 | . 1 . . . . . . . . . . . Melee Attacks 12 | . . . . . . . . 4 . . 8 . Impact 12 | . . . . . . . . 4 . . 8 . Slashing . | . . . . . . . . . . . . . Piercing . | . . . . . . . . . . . . . Sneak Attacks . | . . . . . . . . . . . . . Combat Hostiles . | . . . . . . . . . . . . . Follow-up Attacks . | . . . . . . . . . . . . . Damage Inflicted 11738 | 89 878 119 3131 167 . 170 1115 4844 904 158 . 163 Guns 7926 | 89 878 119 2576 167 . 168 870 2559 272 65 . 163 Cannons 1686 | . . . . . . . . 961 632 93 . . Explosions 2124 | . . . 555 . . . 245 1324 . . . . Melee . | . . . . . . . . . . . . . Ramming 2 | . . . . . . 2 . . . . . . Kinetic 8637 | . 279 40 2487 167 . 168 870 3401 904 158 . 163 Thermal 494 | 49 230 79 89 . . . . 47 . . . . Explosive 2077 | . . . 555 . . . 245 1277 . . . . Electromagnetic 528 | 40 369 . . . . . . 119 . . . . Impact . | . . . . . . . . . . . . . Slashing . | . . . . . . . . . . . . . Piercing . | . . . . . . . . . . . . . Highest Corruption 7 | . 3 3 . . . . . 7 7 7 7 . Average Corruption 3 | . 3 3 . . . . . 2 7 7 7 . Corruption Purged 5 | . . . . . . . . 5 . . . . Corruption Blocked . | . . . . . . . . . . . . . Effects 125 | . 7 11 . . . . . 56 25 21 5 . Message Errors 31 | . 2 2 . . . . . 13 7 4 3 . Matter Fused 32 | . 3 2 . . . . . 13 6 7 1 . Heat Flow Errors 10 | . . 2 . . . . . 4 1 3 . . Energy Discharges 18 | . 2 2 . . . . . 7 5 2 . . Parts Rejected 3 | . . . . . . . . 3 . . . . Parts Fused 1 | . . 1 . . . . . . . . . . Data Loss (minor) 15 | . . 1 . . . . . 7 4 2 1 . Data Loss (major) 8 | . . . . . . . . 4 1 3 . . Misfires 5 | . . 1 . . . . . 3 1 . . . Alerts 2 | . . . . . . . . 2 . . . . Overload Shots . | . . . . . . . . . . . . . Overflow Damage 152 | . . . . . . . . 115 26 11 . . Projectiles 84 | . . . . . . . . 47 26 11 . . Explosions 68 | . . . . . . . . 68 . . . . Melee . | . . . . . . . . . . . . . Knockbacks 14 | . . . . . . . . 8 4 2 . . Impact . | . . . . . . . . . . . . . Kinetic 14 | . . . . . . . . 8 4 2 . . Secondary . | . . . . . . . . . . . . . Self-Inflicted Damage 42 | . . . . . . . 6 36 . . . . Shots 4 | . . . . . . . 1 3 . . . . Rammed 1 | . . . . . . 1 . . . . . . Targets Rammed 1 | . . . . . . 1 . . . . . . Kicked . | . . . . . . . . . . . . . Crushed . | . . . . . . . . . . . . . Highest Temperature 335 | 120 138 142 108 . . . 19 335 216 250 . 44 Average Temperature 38 | 61 46 46 17 . . . 6 61 22 67 . 21 Received Heat Transfer 3204 | . 195 27 726 . . 9 90 1755 351 . . 51 Siege Activations . | . . . . . . . . . . . . . Robots Corrupted . | . . . . . . . . . . . . . Combat Hostiles . | . . . . . . . . . . . . . Parts Fried . | . . . . . . . . . . . . . Impact Corruptions . | . . . . . . . . . . . . . Robots Melted . | . . . . . . . . . . . . . Combat Hostiles . | . . . . . . . . . . . . . Parts Melted 5 | 2 . . 3 . . . . . . . . . Heat Transferred 1789 | 296 888 222 333 . . . . 50 . . . . Parts Sabotaged . | . . . . . . . . . . . . . Parts Stolen . | . . . . . . . . . . . . . Parts Stripped . | . . . . . . . . . . . . . Power Chain Reactions 1 | . . . . . . . . 1 . . . . Missiles Intercepted . | . . . . . . . . . . . . . Alert | -11 -10 -10 -9 -9 -9 -8 -8 -7 -7 -7 -7 -6 ------- Run | Jun Mat Min Mat Min Exi Min Mat Fac Low Low Zio Pro Peak Influence 680 | 5 318 36 680 239 . 169 296 317 . . . . Initial 229 | . 3 1 1 229 . . 7 . . . . . Average 140 | 2 107 4 339 109 . 63 72 118 . . . . Maximum Alert Level 2 | . 1 . 2 1 . . 1 1 . . . . Low Security (%) 71 | 100 79 100 27 65 . 100 86 74 . . . . Level 1 20 | . 20 . 29 34 . . 13 25 . . . . Level 2 8 | . . . 43 . . . . . . . . . Level 3 . | . . . . . . . . . . . . . Level 4 . | . . . . . . . . . . . . . Level 5 . | . . . . . . . . . . . . . High Security . | . . . . . . . . . . . . . Max Security . | . . . . . . . . . . . . . Squads Dispatched 23 | . 3 . 5 . . . 4 10 . . . 1 Investigation 6 | . 2 . 1 . . . 2 1 . . . . Extermination 7 | . . . . . . . . 7 . . . . Reinforcement 8 | . 1 . 3 . . . 2 2 . . . . Assault 2 | . . . 1 . . . . . . . . 1 Garrison . | . . . . . . . . . . . . . Intercept . | . . . . . . . . . . . . . Searches Triggered . | . . . . . . . . . . . . . Construction Impeded 1 | . . . 1 . . . . . . . . . Haulers Reinforced 1 | . . . . . . . . 1 . . . . Active Scanning Responses . | . . . . . . . . . . . . . Cargo Convoy Interrupts . | . . . . . . . . . . . . . Stealth | -11 -10 -10 -9 -9 -9 -8 -8 -7 -7 -7 -7 -6 --------- Run | Jun Mat Min Mat Min Exi Min Mat Fac Low Low Zio Pro Distress Signals 8 | . 1 . 4 . . . 2 1 . . . . Communications Jammed . | . . . . . . . . . . . . . Distress Signals . | . . . . . . . . . . . . . Times Spotted 173 | . 22 2 48 4 . 10 17 44 12 1 . 13 Peak Tracking Total 9 | . 5 2 5 4 . 4 6 5 8 1 . 9 Tactical Retreats 7 | . 1 1 1 . . . . 3 1 . . . Traps | -11 -10 -10 -9 -9 -9 -8 -8 -7 -7 -7 -7 -6 ------- Run | Jun Mat Min Mat Min Exi Min Mat Fac Low Low Zio Pro Traps Triggered 9 | . 1 . 3 . . . 3 2 . . . . Indirectly . | . . . . . . . . . . . . . Trap Hack Attempts 4 | . 4 . . . . . . . . . . . Triggered . | . . . . . . . . . . . . . Disarmed . | . . . . . . . . . . . . . Reprogrammed 1 | . 1 . . . . . . . . . . . Reused . | . . . . . . . . . . . . . Traps Extracted 1 | . 1 . . . . . . . . . . . Installed . | . . . . . . . . . . . . . Triggered . | . . . . . . . . . . . . . Most Traps Carried 1 | . 1 1 1 . . . . . . . . . Machines | -11 -10 -10 -9 -9 -9 -8 -8 -7 -7 -7 -7 -6 ---------- Run | Jun Mat Min Mat Min Exi Min Mat Fac Low Low Zio Pro Machines Disabled 9 | . 1 . 1 . . . . 7 . . . . Max in Single Turn 3 | . 1 . 1 . . . . 3 . . . . Garrison Access 2 | . . . . . . . 1 1 . . . . Machines Repaired . | . . . . . . . . . . . . . Machines Sabotaged . | . . . . . . . . . . . . . Overloaded Fab Kills . | . . . . . . . . . . . . . Hacking | -11 -10 -10 -9 -9 -9 -8 -8 -7 -7 -7 -7 -6 --------- Run | Jun Mat Min Mat Min Exi Min Mat Fac Low Low Zio Pro Machines Accessed 38 | . 9 1 10 . 3 . 8 6 1 . . . Terminals 28 | . 7 1 10 . . . 7 3 . . . . Fabricators . | . . . . . . . . . . . . . Repair Stations . | . . . . . . . . . . . . . Recycling Units 4 | . 2 . . . . . . 2 . . . . Scanalyzers . | . . . . . . . . . . . . . Garrison Access 2 | . . . . . . . 1 1 . . . . Total Hacks 79 | . 19 1 26 . 3 . 17 12 1 . . . Successful 31 | . 8 1 7 . 3 . 4 7 1 . . . Failed 48 | . 11 . 19 . . . 13 5 . . . . Catastrophic 18 | . 2 . 10 . . . 4 2 . . . . Database Lockouts . | . . . . . . . . . . . . . Manual 52 | . 11 . 24 . . . 13 3 . . 1 . Terminals 66 | . 16 1 26 . . . 16 7 . . . . Fabricators . | . . . . . . . . . . . . . Repair Stations . | . . . . . . . . . . . . . Recycling Units 7 | . 3 . . . . . . 4 . . . . Scanalyzers . | . . . . . . . . . . . . . Garrison Access 2 | . . . . . . . 1 1 . . . . Terminal Hacks 25 | . 6 1 7 . 3 . 3 4 1 . . . Record 6 | . 1 . 1 . 3 . . 1 . . . . Robot Analysis 7 | . 4 . 3 . . . . . . . . . Open Door 1 | . . . . . . . . . 1 . . . Branch Access Points 3 | . . . 1 . . . 1 1 . . . . Unreport Threat 5 | . 1 . 1 . . . 1 2 . . . . Locate Traps 1 | . . . 1 . . . . . . . . . Zone Layout 2 | . . 1 . . . . 1 . . . . . Fabricator Hacks . | . . . . . . . . . . . . . Repair Station Hacks . | . . . . . . . . . . . . . Recycling Unit Hacks 4 | . 2 . . . . . . 2 . . . . Retrieve Components 4 | . 2 . . . . . . 2 . . . . Scanalyzer . | . . . . . . . . . . . . . Garrison Access Hacks 2 | . . . . . . . 1 1 . . . . Seal Access 2 | . . . . . . . 1 1 . . . . Unauthorized Hacks . | . . . . . . . . . . . . . Terminals . | . . . . . . . . . . . . . Fabricators . | . . . . . . . . . . . . . Repair Stations . | . . . . . . . . . . . . . Recycling Units . | . . . . . . . . . . . . . Scanalyzers . | . . . . . . . . . . . . . Garrison Access . | . . . . . . . . . . . . . Data Cores Recovered . | . . . . . . . . . . . . . Used . | . . . . . . . . . . . . . Hacking Detections 31 | . 8 1 10 . . . 7 5 . . . . Full Trace Events 2 | . 2 . . . . . . . . . . . Feedback Events . | . . . . . . . . . . . . . Feedback Blocked . | . . . . . . . . . . . . . Robot Schematics Acquired . | . . . . . . . . . . . . . Robots Built . | . . . . . . . . . . . . . Authchips . | . . . . . . . . . . . . . Time . | . . . . . . . . . . . . . Total Robot Build Rating . | . . . . . . . . . . . . . Part Schematics Acquired . | . . . . . . . . . . . . . Parts Built . | . . . . . . . . . . . . . Authchips . | . . . . . . . . . . . . . Time . | . . . . . . . . . . . . . Total Part Build Rating . | . . . . . . . . . . . . . Parts Repaired . | . . . . . . . . . . . . . Time . | . . . . . . . . . . . . . Parts Recycled . | . . . . . . . . . . . . . Recycled Matter . | . . . . . . . . . . . . . Retrieved Matter . | . . . . . . . . . . . . . Retrieved Components 19 | . 10 . . . . . . 9 . . . . Parts Scanalyzed . | . . . . . . . . . . . . . Part Schematics Acquired . | . . . . . . . . . . . . . Parts Damaged . | . . . . . . . . . . . . . Bothacking | -11 -10 -10 -9 -9 -9 -8 -8 -7 -7 -7 -7 -6 ------------ Run | Jun Mat Min Mat Min Exi Min Mat Fac Low Low Zio Pro Used RIF Installer . | . . . . . . . . . . . . . Robots Hacked . | . . . . . . . . . . . . . Non-combat . | . . . . . . . . . . . . . Combat . | . . . . . . . . . . . . . Robot Hacks Applied . | . . . . . . . . . . . . . Relay Couplers Released . | . . . . . . . . . . . . . Fabnet Peak Effective % . | . . . . . . . . . . . . . Robots Rewired 2 | . . . . . . . . . 2 . . . Allies Hacked . | . . . . . . . . . . . . . Hacks Repelled . | . . . . . . . . . . . . . Allies | -11 -10 -10 -9 -9 -9 -8 -8 -7 -7 -7 -7 -6 -------- Run | Jun Mat Min Mat Min Exi Min Mat Fac Low Low Zio Pro Total Allies 7 | . . . . 3 . . . . 2 . 2 . Largest Group 4 | . . . . 3 3 3 1 . 2 2 4 4 Highest-Rated Group 107 | . . . . 40 40 40 14 . 48 48 107 107 Highest-Rated Ally 32 | . . . . 16 16 16 14 . 32 32 32 32 Total Orders . | . . . . . . . . . . . . . Ally Attacks 65 | . . . . . . 20 . . 1 10 . 34 Total Damage 887 | . . . . . . 136 . . 11 120 . 620 Kills 13 | . . . . . . 4 . . . 1 . 8 Allies Corrupted . | . . . . . . . . . . . . . Allies Melted . | . . . . . . . . . . . . . Intel | -11 -10 -10 -9 -9 -9 -8 -8 -7 -7 -7 -7 -6 ------- Run | Jun Mat Min Mat Min Exi Min Mat Fac Low Low Zio Pro Robot Analysis Total 7 | . 4 . 3 . . . . . . . . . Derelict Logs Recovered 3 | . . . . 1 . . . . 1 . . 1 Drone Launches . | . . . . . . . . . . . . . Drone Recoveries . | . . . . . . . . . . . . . Exploration | -11 -10 -10 -9 -9 -9 -8 -8 -7 -7 -7 -7 -6 ------------- Run | Jun Mat Min Mat Min Exi Min Mat Fac Low Low Zio Pro Turns Passed 17348 | 25 1533 568 2308 1167 692 1054 1955 3610 1007 658 2546 225 Spaces Moved 9035 | 11 803 215 1097 702 433 623 1003 1821 536 346 1333 112 Core . | . . . . . . . . . . . . . Treads 6923 | . 743 215 1082 702 433 623 1003 1821 301 . . . Legs 72 | 11 60 . . . . . . . 1 . . . Wheels 2040 | . . . 15 . . . . . 234 346 1333 112 Hover . | . . . . . . . . . . . . . Flight . | . . . . . . . . . . . . . Fastest Speed 120 | 120 120 160 130 160 160 160 160 156 156 185 170 170 Average Speed 164 | 120 157 160 159 160 160 160 160 159 169 185 183 184 Slowest Speed 385 | 120 240 160 240 160 160 160 240 250 385 185 185 185 Overloaded Moves . | . . . . . . . . . . . . . Propulsion Burnouts . | . . . . . . . . . . . . . Robots Hopped . | . . . . . . . . . . . . . Cave-ins Triggered . | . . . . . . . . . . . . . Exploration Rate (%) 64 | 2 96 27 91 89 90 98 78 35 69 58 87 16 Regions Visited 12 Branch Regions 8 Pre-discovered Areas 3 | . . . . 1 . . . . 1 . 1 . Known Exits Taken 7 | . . . 1 1 1 1 1 1 . 1 . . Unknown Exits Taken 5 | 1 1 1 . . . . . . 1 . 1 . Scrap Searched 11 | . . 1 . 1 . 1 . . 2 1 4 1 Spaces Dug 6 | . . . . . . . . 3 . . 3 . Terrain Destroyed 166 | . . . 79 . . . 30 54 . . 3 . Melee 6 | . . . . . . . . 3 . . 3 . Projectile 1 | . . . . . . . . 1 . . . . AOE 159 | . . . 79 . . . 30 50 . . . . Terrain Rammed . | . . . . . . . . . . . . . Walls Destroyed . | . . . . . . . . . . . . . Machines Disabled . | . . . . . . . . . . . . . Actions | -11 -10 -10 -9 -9 -9 -8 -8 -7 -7 -7 -7 -6 --------- Run | Jun Mat Min Mat Min Exi Min Mat Fac Low Low Zio Pro Total 10684 | 14 971 427 1436 728 432 660 1243 2286 586 355 1425 121 Wait 682 | . 46 201 113 11 . 19 103 125 3 5 54 2 Move 9023 | 10 802 214 1096 701 432 622 1002 1820 535 345 1332 112 Hop . | . . . . . . . . . . . . . Pick Up 131 | . 23 2 25 1 . 3 24 38 4 . 10 1 Fast Attach 49 | . 5 . 6 1 . . 11 22 3 . 1 . Attach 70 | . 5 . 14 . . . 11 28 6 . 5 1 Detach 7 | . . . 1 . . . . 3 . . 3 . Swap 64 | . 7 1 21 2 . . 7 21 . . 5 . Drop 126 | . 19 2 28 3 . 4 25 35 3 . 7 . Fire 508 | 4 60 7 132 9 . 11 60 190 25 5 . 5 Melee 12 | . . . . . . . . 4 . . 8 . Ram . | . . . . . . . . . . . . . Kick . | . . . . . . . . . . . . . Crush 1 | . . . . . . 1 . . . . . . Escape Stasis . | . . . . . . . . . . . . . Rewire 7 | . . . . . . . . . 7 . . . Trap 4 | . 4 . . . . . . . . . . . Miscellaneous . | . . . . . . . . . . . . . Route ------- -11/Junkyard -10/Materials (discovered 5 exits: *Mat x3 / *Min x2) -10/Mines -9/Materials (discovered 3 exits: *Mat x2 / *Min) -9/Mines (discovered 3 exits: *Mat / *Exi / *Zio) -9/Exiles (discovered 2 exits: *Min x2) -8/Mines (discovered 2 exits: *Mat x2) -8/Materials (discovered 3 exits: *Fac x3) -7/Factory (discovered 6 exits: *Fac x2 / Sto x2 / *Low x2) -7/Lower Caves -7/Lower Caves (discovered 2 exits: *Fac / *Zio) -7/Zion (discovered 2 exits: [*Dee] / [*Pro]) -6/Proximity Caves (discovered 1 exit: Fac) History --------- Turn | Location | Event 1 | -11/Junkyard | Discovered new exit (range 3) 26 | -11/Junkyard | Entered Materials 228 | -10/Materials | Discovered new exit (range 12) 324 | -10/Materials | Build established: Mutant 324 | -10/Materials | Core integrity fell below 50% 487 | -10/Materials | Discovered new exit (range 10) 813 | -10/Materials | Discovered new exit (range 15) 1012 | -10/Materials | Discovered new exit (range 7) 1193 | -10/Materials | Discovered new exit (range 16) 1559 | -10/Materials | Entered Mines 1607 | -10/Mines | Assembled infested the area 2028 | -10/Mines | Discovered new exit (range 12) 2127 | -10/Mines | Entered Materials 2127 | -9/Materials | Evolved 2 slots: Propulsion x1, Utility x1 3009 | -9/Materials | Build established: Scavenger-Mutant 3141 | -9/Materials | Identified exit to Mines 3316 | -9/Materials | Discovered new exit (range 10) 3613 | -9/Materials | Discovered new exit (range 4) 3727 | -9/Materials | First assault squad dispatched 3896 | -9/Materials | Core integrity fell below 50% 4435 | -9/Materials | Entered Mines 4443 | -9/Mines | A Derelict revealed a hidden shortcut to a safe place 4457 | -9/Mines | Identified exit to Zion 4538 | -9/Mines | Discovered new exit (range 14) 4558 | -9/Mines | Identified exit to Materials 4877 | -9/Mines | Learned location of 1 exit from Proximity Caves 5089 | -9/Mines | Deemed a non-threat by the Exiles lab entrance 5089 | -9/Mines | Discovered new exit (range 5) 5177 | -9/Mines | Learned location of Storage (-7) 5472 | -9/Mines | Assisted by bots powering up and referring to "LRC-V3" 5587 | -9/Mines | Identified exit to Exiles 5602 | -9/Mines | Entered Exiles 5602 | -9/Exiles | Found Exiles lab abandoned 5602 | -9/Exiles | Accompanied by 3 allies 5633 | -9/Exiles | Discovered new exit (range 14) 6276 | -9/Exiles | Discovered new exit (range 12) 6292 | -9/Exiles | Identified exit to Mines 6294 | -9/Exiles | Entered Mines 6294 | -8/Mines | Accompanied by 3 allies 6827 | -8/Mines | Discovered exit to Materials (range 9) 6965 | -8/Mines | Discovered exit to Materials (range 7) 7348 | -8/Mines | Entered Materials 7348 | -8/Materials | Accompanied by 1 ally 7348 | -8/Materials | Evolved 2 slots: Propulsion x1, Utility x1 8004 | -8/Materials | Discovered new exit (range 14) 8346 | -8/Materials | Met 7R-MNS 8390 | -8/Materials | Discovered new exit (range 4) 8393 | -8/Materials | Identified exit to Factory 8660 | -8/Materials | Discovered exit to Factory (range 7) 9222 | -8/Materials | Build established: Mutant 9303 | -8/Materials | Entered Factory 9303 | -7/Factory | Evolved 2 slots: Utility x2 9304 | -7/Factory | Caught up to 7R-MNS 9430 | -7/Factory | Identified exit to Storage 9430 | -7/Factory | Identified exit to Lower Caves 9493 | -7/Factory | Attacked by 7R-MNS 9688 | -7/Factory | Lost 14 parts (1p5n6u2w) 9712 | -7/Factory | 7R-MNS lamented failing the tripod run 10160 | -7/Factory | Core integrity fell below 50% 10240 | -7/Factory | Build established: Scavenger-Mutant 11444 | -7/Factory | Discovered new exit (range 15) 12195 | -7/Factory | Discovered new exit (range 6) 12341 | -7/Factory | Lost 3 parts (3n) 12536 | -7/Factory | Core integrity fell below 20% 12913 | -7/Factory | Entered Lower Caves 13326 | -7/Lower Caves | Learned location of Zion (-7) 13380 | -7/Lower Caves | Attracted the attention of an 0b10 outpost 13466 | -7/Lower Caves | Lost 6 parts (1p3n1u1w) 13672 | -7/Lower Caves | Discovered new exit (range 14) 13920 | -7/Lower Caves | Entered another Lower Caves area 13920 | -7/Lower Caves | Accompanied by 2 allies 13921 | -7/Lower Caves | Build established: Mutant 13971 | -7/Lower Caves | Discovered new exit (range 7) 14334 | -7/Lower Caves | Discovered exit to Zion (range 8) 14578 | -7/Lower Caves | Entered Zion 14578 | -7/Zion | Accompanied by 2 allies 14683 | -7/Zion | System corruption cleaned by Quarantine Array 14738 | -7/Zion | Discovered new exit (range 10) 15032 | -7/Zion | Learned Factory emergency access door positions 15091 | -7/Zion | Learned location of Data Miner (-6) 15205 | -7/Zion | Received a hallucinogenic algorithm 15432 | -7/Zion | Given the Hacking Drone Bay 15432 | -7/Zion | Found Prototype Device 15449 | -7/Zion | Identified Hacking Drone Bay 15813 | -7/Zion | Gained Derelict followers 15926 | -7/Zion | Found Prototype Device 15947 | -7/Zion | Identified Mobile Refinery Mk. CCLXVII 16082 | -7/Zion | Discovered new exit (range 5) 16084 | -7/Zion | Saw the warning signs outside the Deep Caves entrance 17124 | -7/Zion | Entered Proximity Caves 17124 | -6/Proximity Caves | Accompanied by 4 allies 17125 | -6/Proximity Caves | Identified exit to Factory 17126 | -6/Proximity Caves | Attracted the attention of an 0b10 checkpoint 17315 | -6/Proximity Caves | Build established: Derelict-Mutant 17325 | -6/Proximity Caves | Attracted the attention of an 0b10 outpost 17349 | -6/Proximity Caves | Destroyed by L-41 Fighter with Axe Last Messages --------------- Data stored: Lower Caves entrances (x1). 17230_ Searching scrap... 17230_ Found Hrd. Medium Armor Plating. 17230_ Found 16 Matter. 17234_ Acquired Hrd. Medium Armor Plating. 17324_ Penetrated by Slug. 17325_ Y-64 Sentinel: "DETECTED UNIDENTIFIED DERELICT." 17325_ L-41 Fighter springs to life. 17327_ Hvy. Armor Plating destroyed. 17329_ Y-64 Sentinel: "REQUESTING BACKUP." 17329_ S-27 Virus destroyed. 17330_ ME-L4Q(i) knocked back. 17330_ S-27 Virus destroyed. 17333_ Autogun fries itself beyond repair. 17336_ YX-S9C(g) destroyed. 17336_ B-48 Gladiator destroyed. 17337_ VTOL Module fries itself beyond repair. 17338_ Lgt. Nuclear Core fries itself beyond repair. 17338_ Guardian 4a destroyed. 17338_ Slug penetrates Wall. Map ----- +----------------------------------------------------+ | ?## ????????????????????????????????????????????? | | ?# [ ##??????????????????????????????????????????? | | ?# ###????????????????????????????????????????? | | ?# #????????????????????????????????????????? | | ?# ####?????????????????????????????????????? | | ?# ##????????????????????????????????????? | | ?# #????????????????????????????????????? | | ## #????????????????????????????????????? | | #????????????????????????????????????? | | #????????????? ????????????????????? | | ##???????????? ????????????????????? | | ##??????????? ????????????????????? | | #??????????? ????????????????????? | | ## ###?????????# #???????????????????? | | ## % #### ##????????# #???????????????????? | | ?# #??# #????????# #???????????????????? | | ?# ###?## ##????????# #???????????????????? | | ?# #???# ##?????????# #???????????????????? | | ## #???# ##??????????# #???????????????????? | | # ##### ###???????????# #???????????????????? | | ?# #???####??????# #???????????????????? | | ???# #???# ???????# ####????????????????? | | ##???# #???# #???????# # ###??????????????? | | #?????# #??## ##?????## Y ##?????????????? | | ##????# #### #######s *=[ ##????????????? | | ###### % @lg l=% #????????????? | | % % ## #####[#%* #???????????? | | *% #### ### #??""#%[* #??????????? | | ############??####?# #? ? % ???????? | | #??????????????????# # #?????? | | #??????????????????# # # ######?????? | | #????????????????# #" # ######??????????? | | ## #????????????????# #?"""# #???????????????? | | ?## ##????????????????# ####### #???????????????? | | ???##?????????????????? ??????? #???????????????? | | ???????????????????????#???????###???????????????? | | ?????????????????????????????????????????????????? | | ?????????????????????????????????????????????????? | | ?????????????????????????????????????????????????? | | ?????????????????????????????????????????????????? | | ?????????????????????????????????????????????????? | | ?????????????????????????????????????????????????? | | ?????????????????????????????????????????????????? | | ?????????????????????????????????????????????????? | | ?????????????????????????????????????????????????? | | ?????????????????????????????????????????????????? | | ?????????????????????????????????????????????????? | | ?????????????????????????????????????????????????? | | ?????????????????????????????????????????????????? | | ?????????????????????????????????????????????????? | +----------------------------------------------------+ Best States ------------- Heat Dissipation 48 Energy Generation 16 Energy Capacity 290 Matter Stores 400 Matter Capacity 400 Sight Range 16 Robot Scan Range 15 Terrain Scan Density 10 Armor Coverage 825 Propulsion Shielding 66 Evasion (%) 55 Targeting Accuracy 5 Target Analysis 5 Core Analysis 6 Armor Integrity Analysis 30 Recoil Reduction 4 Offensive Hacking 20 Trap Extractor Capacity 4 Item Schematics ----------------- None Robot Schematics ------------------ None Fabricated ------------ Nothing Alien Tech Used ----------------- None Achievements -------------- Hehehe Challenges ------------ None Game ------ Seed SupercompositeStormTube Manual? 0 Play Time 03:05:29 Cumulative 197.7 hours Start 2023.12.04 @ 20:16:32 End 2023.12.10 @ 12:47:40 Sessions 3 Manual Loads 0 Difficulty Rogue Special Mode None Game No. 118 Rogue 118 Adventurer 0 Explorer 0 Win Type - Total 4 Types 3/0/1/0/0/0/0/0/0 Lore% 54 Gallery% 55 Achievement% 52 Wizard Run 0 Options --------- ASCII 0 Keyboard 0 Movement Mouse Keybinds 0 Fullscreen 1 Font 18/SmallcapsGlow Map View 76x50 Tactical HUD 1 Map Filters NONE Filters NONE Steam 1 RUN: ce092ee5-2bec-44f2-9411-8efe99caefe0